Map: Oxide LE

Players

PattyMac - Winner!

  • Race: Protoss Protoss
  • Spawn Location: 7:00

Epic

  • Race: Terran Terran
  • League: Grandmaster
  • Spawn Location: 1:00

Event: DreamHack SC2 Masters 2020 Winter

VOD

Have the link to the VOD?

Description

Time

  • Played on: Oct. 15, 2020, 8:17 p.m.
  • Length: 17:15

All games in this series

Show
View Real Time Build Order
Export as new Build Order

PattyMac Protoss - Winner!

Build Orders: 1 Gate Expand, Blink Stalkers, Colossus Rush 

Get SALT Encoding   

  12  0:00  Probe  
  13  0:12  Probe  
  14  0:17  Pylon  
  14  0:24  Probe (Chrono Boost)  
  16  0:36  Probe (Chrono Boost)  
  16  0:37  Gateway  
  16  0:41  Probe (Chrono Boost)  
  16  0:45  Assimilator  
  17  0:52  Probe  
  18  1:04  Probe  
  19  1:16  Probe  
  20  1:24  Cybernetics Core  
  20  1:31  Nexus  
  20  1:34  Probe  
  21  1:40  Pylon  
  21  1:46  Probe  
  22  1:48  Assimilator  
  22  1:58  Probe  
  22  2:00  Stalker (Chrono Boost)  
  23  2:07  Warp Gate  
  25  2:10  Probe  
  26  2:22  Probe  
  27  2:29  Twilight Council  
  27  2:33  Adept  
  27  2:35  Probe (Chrono Boost)  
  30  2:43  Probe (Chrono Boost)  
  32  2:51  Robotics Facility  
  32  2:52  Probe x2 (Chrono Boost)  
  32  2:57  Probe (Chrono Boost)  
  33  2:58  Probe  
  33  3:03  Stalker  
  37  3:09  Probe  
  37  3:10  Probe  
  38  3:21  Probe  
  38  3:22  Probe  
  38  3:26  Blink (Chrono Boost)  
  40  3:29  Gateway  
  40  3:33  Probe  
  41  3:35  Probe, Gateway  
  42  3:43  Observer (Chrono Boost)  
  42  3:46  Probe  
  42  3:47  Probe, Pylon  
  45  3:50  Assimilator  
  45  3:53  Assimilator  
  45  3:56  Observer  
  46  4:03  Pylon  
  46  4:05  Probe x2  
  48  4:13  Nexus  
  48  4:16  Stalker  
  50  4:17  Probe  
  50  4:21  Observer  
  52  4:25  Probe  
  52  4:30  Probe  
  52  4:31  Stalker  
  53  4:39  Stalker x2  
  53  4:43  Probe  
  58  4:48  Probe  
  58  4:52  Observer  
  57  4:55  Probe  
  57  4:57  Robotics Bay  
  58  5:00  Probe  
  58  5:06  Pylon  
  59  5:07  Probe  
  59  5:10  Pylon  
  59  5:12  Probe  
  62  5:22  Probe (Chrono Boost)  
  62  5:26  Probe (Chrono Boost)  
  62  5:27  Probe (Chrono Boost), Charge  
  64  5:34  Probe (Chrono Boost)  
  67  5:36  Probe (Chrono Boost)  
  67  5:37  Probe (Chrono Boost)  
  67  5:41  Probe (Chrono Boost)  
  69  5:43  Probe x2 (Chrono Boost)  
  69  5:46  Probe (Chrono Boost)  
  69  5:49  Colossus (Chrono Boost)  
  69  5:50  Stalker x3  
  69  5:54  Probe  
  82  5:57  Probe, Pylon  
  83  6:06  Shield Battery  
  83  6:07  Gateway  
  83  6:09  Gateway  
  83  6:11  Extended Thermal Lance  
  83  6:19  Zealot x3  
  83  6:20  Probe  
  90  6:28  Probe x2  
  92  6:43  Stalker x3  
  98  6:51  Probe, Colossus (Chrono Boost)  
  98  6:53  Probe  
  94  6:56  Probe  
  94  6:57  Assimilator  
  94  6:58  Pylon  
  94  7:01  Gateway  
  101  7:02  Assimilator  
  101  7:03  Gateway  
  101  7:06  Gateway  
  101  7:08  Templar Archives  
  101  7:16  Probe (Chrono Boost)  
  101  7:21  Probe (Chrono Boost), Zealot x2  
  108  7:24  Probe (Chrono Boost)  
  108  7:26  Pylon  
  108  7:27  Pylon  
  108  7:28  Probe (Chrono Boost)  
  109  7:40  Colossus (Chrono Boost)  
  115  7:51  Forge  
  115  7:52  Zealot x4  
  115  7:53  Zealot  
  115  7:54  Gateway, Forge  
  115  7:55  Gateway  
  115  7:57  Pylon  
  125  8:01  Pylon  
  125  8:11  Pylon  
  125  8:15  Probe x2  
  127  8:22  Nexus  
  127  8:23  High Templar x4, Protoss Ground Weapons Level 1 (Chrono Boost)  
  127  8:26  Pylon  
  127  8:27  Archon x2, High Templar x2  
  135  8:28  High Templar  
  135  8:29  Warp Prism  
  135  8:34  Pylon  
  143  8:36  Pylon, Archon  
  143  8:37  Pylon, High Templar  
  143  8:39  Gravitic Drive  
  145  8:44  Archon  
  143  8:58  Stalker x6  
  154  9:11  Dark Shrine  
  154  9:16  Robotics Facility  
  154  9:18  Pylon  
  154  9:28  Assimilator  
  154  9:30  Protoss Ground Armor Level 1 (Chrono Boost)  
  154  9:31  Assimilator  
  154  9:32  Pylon  
  154  9:36  Probe x3, Photon Cannon  
  154  9:37  Shield Battery  
  157  9:49  Zealot x3  
  157  9:50  Zealot x6  
  129  10:08  Zealot  
  129  10:12  Zealot x7  
  137  10:14  Disruptor x2 (Chrono Boost)  
  137  10:20  Probe x3  
  142  10:21  Probe  
  142  10:28  Dark Templar x3  
  147  10:42  Disruptor x2 (Chrono Boost)  
  147  10:43  Zealot x4, High Templar  
  147  10:44  High Templar x2  
  147  10:48  Archon  
  167  11:01  High Templar  
  167  11:09  Protoss Ground Weapons Level 2 (Chrono Boost)  
  167  11:10  Archon  
  167  11:14  Pylon  
  167  11:18  Stalker  
  167  11:19  Stalker x7  
  181  11:26  Shadow Stride  
  163  11:46  Stalker x4, Disruptor (Chrono Boost)  
  163  11:47  Stalker x6  
  175  11:50  Disruptor (Chrono Boost)  
  187  11:59  Nexus  
  187  12:03  Protoss Ground Armor Level 2 (Chrono Boost)  
  187  12:08  Probe x2  
  189  12:12  Zealot  
  189  12:13  Zealot x3  
  175  12:26  Zealot x5  
  175  12:27  Zealot  
  139  12:45  Zealot x4  
  139  12:50  Disruptor x2 (Chrono Boost)  
  132  12:59  Probe  
  132  13:00  Probe x2  
  135  13:06  Dark Templar x4  
  135  13:07  Dark Templar x3  
  135  13:09  Dark Templar  
  135  13:12  Assimilator  
  151  13:17  Assimilator, Disruptor (Chrono Boost)  
  157  13:20  Zealot x2  
  157  13:23  Disruptor (Chrono Boost)  
  157  13:25  Probe  
  157  13:26  Probe  
  163  13:40  Zealot x2  
  167  13:42  Protoss Ground Weapons Level 3 (Chrono Boost)  
  167  13:45  Probe x4  
  171  13:50  Pylon  
  171  13:55  Photon Cannon  
  169  14:05  Zealot x10  
  169  14:07  Disruptor x2  
  189  14:30  Stalker x2  
  187  14:32  Zealot x4, Dark Templar  
  187  14:33  Dark Templar x2  
  197  14:42  Disruptor  
  197  14:43  Disruptor  
  193  14:52  Stalker x2  
  193  14:53  Zealot  
  193  14:58  Probe  
  196  15:06  Gateway  
  196  15:07  Gateway  
  180  15:19  High Templar  
  180  15:20  High Templar x5  
  180  15:21  High Templar  
  190  15:30  Archon x3  
  190  15:31  High Templar  
  190  15:33  Colossus x2 (Chrono Boost)  
  198  15:49  Nexus  
  198  15:51  Pylon, Archon  
  198  15:56  Zealot  
  179  16:21  Colossus x2 (Chrono Boost)  
  179  16:24  Zealot x12  
  186  16:49  Stalker x7  
  186  16:50  Stalker x3  
  162  17:09  Stalker x2  
  162  17:12  Stalker x5  
Show
View Real Time Build Order
Export as new Build Order

Epic Terran 

Build Orders: Reaper Expand 

Get SALT Encoding   

  12  0:00  SCV  
  13  0:12  SCV  
  14  0:17  Supply Depot  
  14  0:24  SCV  
  15  0:38  SCV  
  15  0:39  Barracks  
  16  0:44  Refinery  
  16  0:50  SCV  
  16  0:54  Supply Depot  
  17  1:02  SCV  
  18  1:14  SCV  
  19  1:27  Reaper, Orbital Command  
  20  1:52  Command Center  
  20  1:53  SCV  
  21  1:59  Marine  
  22  2:09  SCV, Factory  
  23  2:21  SCV, Barracks Reactor, Refinery  
  24  2:33  SCV  
  25  2:45  SCV  
  26  2:55  Starport  
  26  2:57  SCV  
  27  2:59  Marine x2  
  27  3:02  Widow Mine  
  27  3:05  Orbital Command  
  30  3:09  SCV  
  31  3:16  Marine x2  
  32  3:20  Orbital Command  
  32  3:22  SCV  
  32  3:24  Widow Mine  
  35  3:32  Medivac  
  37  3:34  SCV, Supply Depot, Marine x2  
  40  3:46  SCV  
  40  3:47  SCV  
  40  3:48  Factory Tech Lab  
  42  3:56  Barracks  
  42  3:58  SCV  
  42  3:59  SCV, Barracks  
  42  4:01  Supply Depot  
  44  4:10  Raven  
  44  4:11  SCV x2  
  44  4:14  Factory Tech Lab  
  44  4:15  Refinery  
  48  4:18  Marine x2  
  48  4:23  SCV x2  
  52  4:29  Supply Depot  
  52  4:35  SCV x2  
  54  4:45  Engineering Bay  
  54  4:47  SCV x2  
  52  4:57  Supply Depot  
  52  4:58  Stimpack, Marauder  
  52  4:59  SCV  
  55  5:01  Marauder  
  55  5:02  Starport Reactor  
  55  5:04  Command Center  
  55  5:05  Marine  
  58  5:08  SCV  
  58  5:12  SCV  
  60  5:16  Terran Infantry Weapons Level 1  
  60  5:18  Combat Shield  
  60  5:19  Refinery  
  60  5:22  SCV  
  60  5:24  SCV  
  60  5:25  Marauder  
  64  5:29  Marauder  
  64  5:30  Marine  
  64  5:31  Marine  
  64  5:34  SCV  
  69  5:36  SCV  
  69  5:39  Supply Depot, Medivac  
  72  5:43  Medivac  
  72  5:48  SCV x2  
  74  5:53  Marauder x2  
  78  6:00  Marine x2  
  80  6:04  Barracks  
  80  6:06  SCV x2  
  80  6:09  Barracks  
  82  6:17  Orbital Command  
  82  6:18  Marauder x2, Marine x2  
  86  6:21  SCV  
  86  6:22  SCV  
  86  6:24  Liberator  
  93  6:37  SCV x2  
  95  6:41  Marine x2  
  95  6:42  Marauder x2  
  98  6:49  Orbital Command  
  98  6:50  SCV x2  
  94  6:58  Barracks Reactor, Barracks Tech Lab  
  92  7:02  SCV x2  
  92  7:06  Armory, Engineering Bay  
  92  7:07  Supply Depot x2, Marauder x2, Marine x2  
  100  7:14  SCV, Terran Infantry Armor Level 1  
  101  7:16  SCV x2, Medivac x2  
  101  7:20  Marauder  
  101  7:21  Concussive Shells  
  109  7:28  SCV x3  
  109  7:29  Supply Depot x2  
  112  7:33  Marine  
  112  7:34  Marine  
  112  7:35  Refinery, Marine  
  112  7:36  Refinery  
  112  7:37  Marine  
  115  7:44  Supply Depot  
  116  7:46  Supply Depot  
  116  7:55  Terran Infantry Weapons Level 2  
  116  7:58  SCV x3  
  119  7:59  Viking  
  119  8:02  Viking  
  119  8:03  Command Center  
  123  8:12  Marauder x3  
  129  8:13  Marine x3  
  129  8:14  Marine  
  133  8:26  Supply Depot  
  130  8:27  Factory Reactor  
  130  8:28  Supply Depot  
  130  8:31  Ghost Academy  
  130  8:32  Starport  
  130  8:33  Marauder, Marine x4  
  130  8:34  Viking, Marauder x2  
  140  8:40  Viking  
  144  8:48  Missile Turret  
  144  8:52  Marine x4  
  147  9:02  Ghost x3  
  147  9:06  Missile Turret  
  153  9:13  Missile Turret  
  153  9:14  Viking x2  
  153  9:15  Planetary Fortress  
  153  9:16  Missile Turret  
  158  9:17  SCV x3, Terran Infantry Armor Level 2  
  158  9:20  Liberator  
  163  9:31  Viking  
  163  9:34  Missile Turret  
  163  9:39  Marauder x3, Marine x4  
  172  9:46  Orbital Command  
  172  9:49  SCV x3  
  174  9:52  SCV  
  174  9:57  Missile Turret  
  162  10:03  Marine x2  
  162  10:04  Marauder x3, Marine  
  145  10:16  SCV x4  
  149  10:22  Medivac x4  
  157  10:33  Terran Infantry Weapons Level 3  
  157  10:34  Marine x3  
  166  10:36  SCV x2  
  166  10:37  SCV x2  
  166  10:41  Supply Depot  
  166  10:42  Supply Depot  
  170  10:46  Missile Turret  
  170  10:47  Ghost x3  
  170  10:51  Marine  
  170  10:52  Enhanced Shockwaves, Marine x3  
  174  10:58  Missile Turret  
  174  11:03  Missile Turret  
  168  11:19  Marauder x2, Marine x4  
  168  11:20  Marauder  
  174  11:28  Viking x4  
  182  11:36  Terran Infantry Armor Level 3  
  179  11:40  SCV x3  
  179  11:42  Marauder x3, Marine x4  
  175  12:01  Marine x4  
  175  12:02  Command Center  
  175  12:03  Marauder, Marine  
  175  12:04  Marauder  
  184  12:09  Viking x3  
  184  12:14  Viking  
  170  12:25  Marauder x2  
  170  12:27  Marine x4  
  133  12:46  Marauder x3, Marine x4  
  117  12:54  SCV x3  
  117  12:55  SCV  
  117  12:58  Barracks, Liberator x2  
  109  12:59  Barracks  
  109  13:00  Barracks  
  109  13:04  Marine x3  
  110  13:06  Liberator x2  
  110  13:09  Fusion Core  
  110  13:12  Marauder x2  
  120  13:13  Marauder  
  120  13:18  Marine  
  123  13:22  Marine x3  
  126  13:40  Marauder x2, Marine x4  
  126  13:41  Liberator  
  137  13:42  Sensor Tower  
  137  13:48  Terran Ship Weapons Level 1  
  137  13:49  Liberator  
  137  13:54  Barracks Tech Lab  
  137  13:55  Barracks Tech Lab x2  
  140  13:59  Planetary Fortress  
  140  14:03  SCV x4  
  143  14:13  Marauder x4, Refinery x2, Marine x4  
  155  14:18  Marine  
  155  14:19  Marine  
  157  14:29  Advanced Ballistics  
  157  14:30  Marine  
  158  14:32  Marine  
  158  14:33  Marine  
  158  14:34  Marauder x4  
  158  14:37  Marauder x2  
  157  14:53  Missile Turret  
  157  14:56  Marauder  
  148  15:01  Marauder, Marine x6  
  148  15:02  Marauder x2  
  136  15:16  Marine  
  136  15:19  Marine  
  136  15:20  Liberator  
  136  15:21  Liberator x2  
  135  15:34  Marauder, Marine x6  
  135  15:35  Marine  
  144  15:40  Marine x2  
  146  15:52  Ghost, Marine  
  146  15:55  Liberator  
  125  16:28  Marauder x4  
  125  16:29  Marauder, Marine x5  
  140  16:43  Orbital Command  
Tags
 
Add a new tag
Caveats
  • Supply blocks, unpowered buildings, or Contaminate may cause inaccurate times.
  • Supply counts are checked every 10 seconds.